 Dungeon Crawl Stone Soup version 0.29.1-15-g9cfb28693d (webtiles) character file.

Game seed: 18252480942147297400

10754 adizb the Cleaver (level 11, -9/96 HPs)
             Began as a Palentonga Fighter on Apr 23, 2023.
             Was a Priest of the Shining One.
             Mangled by a death yak (11 damage)
             ... on level 1 of the Lair of Beasts.
             The game lasted 00:35:51 (8443 turns).

adizb the Cleaver (Palentonga Fighter)              Turns: 8443, Time: 00:35:54

Health: -9/96      AC: 25    Str: 24    XL:     11   Next: 40%
Magic:  12/15      EV:  5    Int: 11    God:    the Shining One [***...]
Gold:   165        SH: 13    Dex: 11    Spells: 10/10 levels left

rFire   . . .      SeeInvis +   a - +1 war axe (venom)
rCold   . . .      Faith    .   c - +0 buckler
rNeg    + . .      Spirit   .   b - +2 plate armour
rPois   .          Reflect  .   d - +1 hat "Vuliffoula" {Will+ Int-3 Dex+3 SInv}
rElec   .          Harm     .   (no cloak)
rCorr   .          Rampage  .   y - +0 pair of gloves
Will    +....                   (no barding)
Stlth   ..........              (no amulet)
HPRegen 0.26/turn               i - +4 ring of protection
MPRegen 0.14/turn               (no ring)

@: divinely shielded, glowing, curled up
A: large, rugged brown scales 3, see invisible, deformed body, roll 1, armoured
tail, reflexive curl, clever 1, sturdy frame 1
a: Rolling Charge, Renounce Religion, Divine Shield, Cleansing Flame


You were on level 1 of the Lair of Beasts.
You worshipped the Shining One.
The Shining One was most pleased with you.
You visited 3 branches of the dungeon, and saw 11 of its levels.

You collected 395 gold pieces.
You spent 230 gold pieces at shops.

Inventory:

Hand Weapons
 a - a +1 war axe of venom (weapon)
 u - a +0 war axe of freezing
Missiles
 m - 2 throwing nets
Armour
 b - a +2 plate armour (worn)
 c - a +0 buckler (worn)
 d - the +1 hat "Vuliffoula" (worn) {Will+ Int-3 Dex+3 SInv}
   (You acquired it on level 5 of the Dungeon)

   Int:       It affects your intelligence (-3).
   Dex:       It affects your dexterity (+3).
   SInv:      It lets you see invisible.
   Will:      It increases your willpower.
 p - a +0 chain mail of poison resistance
 y - a +0 pair of gloves (worn)
Jewellery
 i - a +4 ring of protection (left hand)
 l - a ring of fire
 t - a ring of wizardry
Wands
 o - a wand of polymorph (1)
 w - a wand of mindburst (2)
Scrolls
 f - 2 scrolls of vulnerability
 j - 2 scrolls of immolation
 k - 2 scrolls of fear
 n - 6 scrolls of teleportation
 r - a scroll of blinking
 A - a scroll of silence
 B - a scroll of poison {unknown}
Potions
 e - 4 potions of attraction
 g - a potion of might
 h - a potion of brilliance
 q - a potion of ambrosia {unknown}
 s - 2 potions of heal wounds {unknown}
 v - a potion of flight {unknown}
 x - a potion of magic {unknown}
 z - a potion of berserk rage


   Skills:
 + Level 10.0 Fighting
 + Level 12.4 Axes
 + Level 5.2 Armour
 + Level 5.7 Shields
 + Level 5.8 Invocations


You had 10 spell levels left.
You didn't know any spells.
Your spell library contained the following spells:

 Spells                   Type           Power      Damage    Failure   Level
 Apportation              Tloc           0%         N/A       98%         1
 Foxfire                  Conj/Fire      0%         2x1d4     98%         1
 Sandblast                Erth           0%         2d4       98%         1
 Ensorcelled Hibernation  Hex/Ice        0%         N/A       99%         2
 Conjure Flame            Conj/Fire      0%         6-21      100%        3
 Inner Flame              Hex/Fire       0%         N/A       100%        3
 Spider Form              Tmut/Pois      0%         N/A       100%        3
 Anguish                  Hex/Necr       0%         N/A       100%        4
 Flame Wave               Conj/Fire      0%         2d4       100%        4


Dungeon Overview and Level Annotations

Branches:
Dungeon (9/15)             Temple (1/1) D:4            Lair (1/5) D:8
    Orc: D:9-12

Altars:
Cheibriados
Elyvilon
Fedhas
Gozag
Hepliaklqana
Nemelex Xobeh
Qazlal
Ru
Sif Muna
Trog
Vehumet
Wu Jian
Zin
The Shining One

Shops:
D:1 :   D:2 (   D:5 ?


Innate Abilities, Weirdness & Mutations

You are completely covered in rugged brown scales. (AC +3, +7% HP)
You have supernaturally acute eyesight. (SInv)
Armour fits poorly on your strangely shaped body.
You can roll at nearby foes to attack.
You have a long armoured tail.
You curl defensively after being hit. (AC +7*)
Your mind is acute. (Int +4, Str/Dex -1)
Your movements are slightly less encumbered by armour. (ER -2)


Message History

You hit the death yak but do no damage. You slash the death yak!
The death yak looks as sick as possible!
You slash the fungus!
The fungus begins to die.
The fungus is poisoned.
You hit the death yak.
The death yak is poisoned.
The death yak gores you but does no damage. x2
You block the death yak's attack. The death yak barely misses you.
You hit the death yak.
The death yak looks as sick as possible!
The death yak is lightly wounded.
You hit the fungus.
The fungus looks as sick as possible!
You hit the death yak. You hit the death yak but do no damage.
The death yak is poisoned.
You hit the death yak.
The death yak looks as sick as possible!
The death yak gores you.
The death yak gores you but does no damage.
The death yak gores you.
The death yak gores you but does no damage.
Your shield is strengthened by the Shining One's divine power.
The death yak gores you! The death yak gores you.
The death yak gores you but does no damage.
You block the death yak's attack.
You hit the death yak but do no damage.
The death yak looks as sick as possible!
You tail-slap the death yak.
The death yak is lightly wounded.
You hit the death yak. You slash the death yak!
The death yak looks as sick as possible!
You hit the fungus.
The fungus looks as sick as possible!
You hit the death yak but do no damage.
The death yak gores you but does no damage.
The death yak gores you. You block the death yak's attack.
The death yak gores you!
* * * LOW HITPOINT WARNING * * *
You feel better.
A nearby fungus withers and dies.
The death yak completely misses you. The death yak gores you.
* * * LOW HITPOINT WARNING * * *
The death yak gores you!!
* * * LOW HITPOINT WARNING * * *
The death yak gores you!
You die...

..... #...#
#...# #...#
#...# #...#
##.Y.# #.@Y.#
#.YY..#
...~....#
~~~.≈.~~~..#
~.~≈~~≈≈~≈.#
≈~.~~.≈~≈≈~.
~~~~~.~~~~≈#.
!~..~.#≈~~≈###


You could see 4 death yaks.

Vanquished Creatures
  A two-headed ogre (D:8)
  A death yak (D:8)
  A sixfirhy (D:9)
  A deep elf pyromancer (D:9)
  An orange demon (D:9)
  Psyche (D:9)
  A komodo dragon (D:8)
  A hornet (D:8)
  Prince Ribbit (D:7)
  A ynoxinul (D:9)
  2 wyverns
  A wraith (D:9)
  9 yaks (D:8)
  A steam dragon (D:7)
  Grum (D:9)
  2 chaos spawn (D:9)
  4 water moccasins
  A black bear (shapeshifter) (D:9)
  3 ice beasts
  2 sky beasts
  5 orc warriors
  3 black bears
  3 ogres
  4 wolves (D:8)
  3 centaurs
  3 phantoms
  A bullfrog (D:8)
  2 scorpions (D:5)
  11 wights
  4 killer bees (D:7)
  2 howler monkeys (D:8)
  10 hounds
  2 quasits (D:9)
  6 jellies
  A gnoll bouda (D:8)
  4 orc priests
  3 iguanas
  11 orc wizards
  4 gnolls (D:8)
  12 adders
  A shadow imp (D:5)
  A white imp (D:8)
  A worm (D:3)
  3 dart slugs
  28 orcs
  3 bats
  12 endoplasms
  3 giant cockroaches
  9 goblins
  9 hobgoblins
  2 jackals (D:1)
  7 kobolds
  2 quokkas
  2 ball pythons (D:1)
  3 frilled lizards
  7 rats
223 creatures vanquished.

Vanquished Creatures (others)
  5 demonic plants (D:9)
  A fungus (Lair:1)
  6 plants (D:8)
12 creatures vanquished.

Grand Total: 235 creatures vanquished

Notes
Turn   | Place    | Note
-------+----------+-------------------------------------------
     0 | D:1      | adizb the Palentonga Fighter began the quest for the Orb.
     0 | D:1      | Reached XP level 1. HP: 19/19 MP: 1/1
   102 | D:1      | Reached XP level 2. HP: 16/25 MP: 2/2
   247 | D:1      | Reached skill level 3 in Axes
   327 | D:1      | Reached XP level 3. HP: 22/31 MP: 3/3
   404 | D:1      | Found Gyugaesuov's Book Emporium.
  1101 | D:2      | Found Yfohexaoq's Antique Weapon Shop.
  1622 | D:3      | Reached XP level 4. HP: 39/39 MP: 4/4
  1633 | D:3      | Found an opulent altar of Gozag.
  2032 | D:4      | Noticed an ogre
  2167 | D:4      | Found a staircase to the Ecumenical Temple.
  2181 | D:4      | Reached skill level 4 in Axes
  2190 | Temple   | Entered the Ecumenical Temple
  2261 | Temple   | Became a worshipper of the Shining One
  2341 | D:4      | Noticed a phantom
  2369 | D:4      | Killed a phantom
  2370 | D:4      | Reached XP level 5. HP: 19/44 MP: 5/5
  2442 | D:5      | Entered Level 5 of the Dungeon
  2556 | D:5      | Reached skill level 5 in Axes
  2579 | D:5      | Reached XP level 6. HP: 45/52 MP: 6/6
  2605 | D:5      | Noticed an ice beast
  2609 | D:5      | HP: 2/52 [hound (2)]
  2611 | D:5      | Gained mutation: Your mind is acute. (Int +4, Str/Dex -1)
                  | [potion of mutation]
  2611 | D:5      | Gained mutation: Your movements are slightly less
                  | encumbered by armour. (ER -2) [potion of mutation]
  2618 | D:5      | Killed an ice beast
  2619 | D:5      | Reached skill level 6 in Axes
  2622 | D:5      | Reached skill level 5 in Fighting
  3012 | D:5      | Gained mutation: You curl defensively after being hit. (AC
                  | +7*) [Palentonga growth]
  3012 | D:5      | Reached XP level 7. HP: 48/59 MP: 7/7
  3052 | D:5      | Reached skill level 7 in Axes
  3201 | D:5      | Found a stormy altar of Qazlal.
  3214 | D:5      | Found a glowing silver altar of Zin.
  3370 | D:5      | Reached * piety under the Shining One
  3376 | D:5      | Reached XP level 8. HP: 68/68 MP: 8/8
  3430 | D:5      | Reached skill level 8 in Axes
  3453 | D:5      | Identified a scroll of acquirement
  3457 | D:5      | Acquired the +1 hat "Vuliffoula" {Will+ Int-3 Dex+3 SInv}
  3908 | D:4      | Found a shimmering blue altar of Sif Muna.
  3914 | D:4      | Found a bloodstained altar of Trog.
  3921 | D:4      | Got Sif Muna's Octavo of Non-Euclidean Excavation
  4099 | D:5      | Found Owawkije's Magic Scroll Boutique.
  4109 | D:5      | Bought a scroll of identify for 22 gold pieces
  4109 | D:5      | Bought a scroll of identify for 22 gold pieces
  4109 | D:5      | Bought a scroll of blinking for 82 gold pieces
  4109 | D:5      | Bought a scroll of enchant weapon for 82 gold pieces
  4109 | D:5      | Bought a scroll of identify for 22 gold pieces
  4238 | D:5      | You fall into a shaft and drop 3 floors!
  4268 | D:8      | Reached skill level 9 in Axes
  4303 | D:7      | Noticed Prince Ribbit
  4315 | D:7      | Killed Prince Ribbit
  4357 | D:7      | Reached XP level 9. HP: 27/77 MP: 9/9
  4731 | D:6      | Reached skill level 10 in Axes
  5608 | D:6      | Reached skill level 11 in Axes
  5759 | D:7      | Reached skill level 1 in Invocations
  6168 | D:8      | Reached XP level 10. HP: 23/87 MP: 11/11
  6453 | D:8      | Found a staircase to the Lair.
  6632 | D:8      | Reached ** piety under the Shining One
  7185 | D:9      | Noticed a deep elf pyromancer
  7187 | D:9      | Noticed Grum
  7283 | D:9      | Killed a deep elf pyromancer
  7284 | D:9      | Reached skill level 12 in Axes
  7290 | D:8      | Reached skill level 5 in Shields
  7549 | D:9      | Killed Grum
  7576 | D:9      | Reached XP level 11. HP: 80/95 MP: 14/14
  7576 | D:9      | Noticed a two-headed ogre
  7617 | D:8      | Killed a two-headed ogre
  7618 | D:8      | Reached skill level 5 in Invocations
  7982 | D:9      | Noticed a sixfirhy
  7993 | D:9      | Killed a sixfirhy
  8008 | D:9      | Reached *** piety under the Shining One
  8009 | D:9      | Reached skill level 5 in Armour
  8026 | D:9      | Noticed Psyche
  8038 | D:9      | Killed Psyche
  8051 | D:9      | Reached skill level 10 in Fighting
  8302 | Lair:1   | Entered Level 1 of the Lair of Beasts
  8302 | Lair:1   | Noticed a death yak
  8302 | Lair:1   | Noticed a death yak
  8304 | Lair:1   | Noticed a death yak
  8305 | Lair:1   | Noticed a death yak
  8307 | Lair:1   | Noticed a death yak
  8317 | D:8      | Killed a death yak
  8443 | Lair:1   | HP: 2/96 [death yak (20)]
  8443 | Lair:1   | Mangled by a death yak

Illustrated notes

Levels and vault maps discovered:
D:1:      mrwooster_arrival_arrow, layout_loops_corners, serial_shops, shop,
          minmay_tromino_i4
D:2:      layout_loops_ring, serial_shops, nicolae_diamond_shop,
          hangedman_abyss_or_decor_stabs
D:3:      layout_rooms, overflow_temple_1_default
D:4:      layout_gridville, nzn_overflow_gifts_of_might_and_magic,
          minmay_temple_entry_stoned_glass
D:5:      layout_basic, nicolae_overflow_squiral, serial_shops,
          nicolae_shop_crystal, minmay_bent
D:6:      layout_layer_cave
D:7:      layout_rooms, nicolae_elevator_lobby_plus, uniq_prince_ribbit1
D:8:      minmay_razor_zed, layout_basic, david_lair_shrubbed
D:9:      minmay_diamond_stairs, layout_cross, hiddenorc1_lemuel,
          serial_demonic, serial_demonic_f, serial_demonic_c, serial_demonic_d,
          serial_demonic_a, uniq_grum, uniq_psyche
Temple:   nicolae_temple_bog_church
Lair:1:   layout_gridlike, chequers_serial_rivers_micro_c,
          chequers_serial_rivers_large_a

Skill      XL: |  1  2  3  4  5  6  7  8  9 10 11 |
---------------+----------------------------------+-----
Axes           | 3 4 5 6 7 9 11 12 | 12.4
Fighting       | 4 5 6 7 8 9 10 | 10.0
Invocations    | 2 4 5 |  5.8
Shields        | 3 5 |  5.7
Armour         | 3 4 5 |  5.2

Action                   |  1- 3 |  4- 6 |  7- 9 | 10-12 || total
-------------------------+-------+-------+-------+-------++-------
Melee: War axe           |   127 |   116 |   205 |   182 ||   630
       Tailslap          |    12 |    11 |    34 |    38 ||    95
Invok: Divine Shield     |       |       |       |     4 ||     4
 Abil: Rolling Charge    |       |     6 |    49 |    27 ||    82
  Use: Scroll            |     5 |     3 |    11 |       ||    19
       Potion            |     1 |     5 |       |     2 ||     8
Armor: Scale mail        |    63 |    56 |       |       ||   119
       Plate armour      |       |    11 |   111 |   140 ||   262
Dodge: Dodged            |    41 |    49 |    41 |    42 ||   173
Block: Buckler           |    17 |    20 |    35 |    60 ||   132
